 Dungeon Crawl Stone Soup version 0.22.1-1-ga44c0e56f4 (webtiles) character file.

1807 Kniotic the Cleaver (level 8, -3/58 HPs)
             Began as a Demonspawn Fighter on Oct 11, 2018.
             Was a Believer of Uskayaw.
             Splashed by a jelly's acid (8 damage)
             ... on level 6 of the Dungeon on Oct 12, 2018.
             The game lasted 00:07:43 (5331 turns).

Kniotic the Cleaver (Demonspawn Fighter)            Turns: 5331, Time: 00:07:43

Health: -3/58      AC: 11    Str: 22    XL:     8   Next: 84%
Magic:  8/8        EV:  7    Int: 10    God:    Uskayaw [**....]
Gold:   373        SH:  0    Dex: 12    Spells: 7/7 levels left

rFire    . . .     SeeInvis .   a - +0 war axe
rCold    . . .     Gourm    .   (no shield)
rNeg     . . .     Faith    .   g - +0 shadow dragon scales
rPois    .         Spirit   .   (helmet restricted)
rElec    .         Reflect  .   n - +0 cloak
rCorr    .         Harm     .   (no gloves)
MR       .....                  (no boots)
Stlth    +++.......             (no amulet)
HPRegen  1.19/turn              k - +3 ring of strength
MPRegen  0.11/turn              (no ring)

@: corroded, drained
A: antennae 1, molten scales 2, nightstalker 1, powered by death 1
a: Stomp, Line Pass, Renounce Religion


You were on level 6 of the Dungeon.
You worshipped Uskayaw.
Uskayaw was noncommittal.
You were not hungry.

You visited 2 branches of the dungeon, and saw 7 of its levels.

You collected 373 gold pieces.

Inventory:

Hand Weapons
 a - a +0 war axe (weapon)
Armour
 g - +0 shadow dragon scales (worn)
 n - a +0 cloak (worn)
Jewellery
 j - a cursed -6 ring of evasion {unknown}
 k - a +3 ring of strength (left hand)
Wands
 b - a wand of paralysis (12)
 s - a wand of acid (7)
 u - a wand of clouds (7)
 v - a wand of random effects (24)
Scrolls
 c - 3 scrolls of remove curse
 i - 2 scrolls of identify
 l - a scroll of enchant weapon {unknown}
 m - a scroll of enchant armour {unknown}
 t - 3 scrolls of fear {unknown}
Potions
 d - 2 potions of might
 e - a potion of degeneration
 h - 2 potions of curing {unknown}
 o - 3 potions of heal wounds {unknown}
 p - a potion of agility {unknown}
 q - a potion of cancellation {unknown}
 r - a potion of lignification {unknown}
 w - a potion of mutation {unknown}
Comestibles
 f - 7 rations


   Skills:
 - Level 3.0(2.5) Fighting
 + Level 10.6(10.0) Axes
 - Level 2.6(2.2) Armour
   Level 2.6(2.2) Shields


You had 7 spell levels left.
You didn't know any spells.
Your spell library contained the following spells:

 Spells                   Type           Power        Failure   Level  Hunger
 Freeze                   Ice            #...         98%         1    ##.....
 Throw Frost              Conj/Ice       #.....       99%         2    ###....
 Ozocubu's Armour         Chrm/Ice       #.......     100%        3    ####...
 Summon Ice Beast         Ice/Summ       #.......     100%        4    #####..
 Throw Icicle             Conj/Ice       #.......     100%        4    #####..


Dungeon Overview and Level Annotations

Branches:
Dungeon (6/15)             Temple (1/1) D:5

Altars:
Ashenzari
Cheibriados
Dithmenos
Elyvilon
Fedhas
Gozag
Kikubaaqudgha
Qazlal
Sif Muna
Trog
Uskayaw
Wu Jian
Xom
Zin
The Shining One


Innate Abilities, Weirdness & Mutations

You have a pair of small antennae on your head.
You are mostly covered in molten scales. (AC +3)
You are slightly more attuned to the shadows.
You regenerate a little health from kills.


Message History

You are too injured to fight recklessly!
You are too injured to fight recklessly!
You are too injured to fight recklessly!
You are too injured to fight recklessly!
You are too injured to fight recklessly!
You are too injured to fight recklessly!
You are too injured to fight recklessly!
You are too injured to fight recklessly!
You slash the orc!
You kill the orc!
You closely miss the orc wizard.
Your shadow dragon scales prevents you from hitting the jelly.
The orc wizard hits you but does no damage.
The orc priest invokes the aid of Beogh against you.
Beogh smites you!
* * * LOW HITPOINT WARNING * * *
The jelly hits you.
* * * LOW HITPOINT WARNING * * *
The acid corrodes you!
You are splashed with acid!
The acid burns!
You die...

...# #.##.# ##.# #.##.#
#.# #.##.# #.#######.
#.##.# #.#.......
#.##.#
##'#.########.##.#
..............##.######
......##########......+
......# #.....@.W..##
......# #....oJ5...#
......# #..........#
)...#######.....o....#
)...'..................
)...######.........####
....# .........# ....#
#####


You could see a phantom, a jelly, an orc priest, an orc wizard and a shadow imp.

Vanquished Creatures
  Grinder (D:3)
  An orc warrior (D:6)
  An ice beast (D:6)
  A black bear (D:6)
  An ogre (D:4)
  2 centaurs
  An elf zombie (D:4)
  A howler monkey (D:5)
  2 crimson imps (D:4)
  4 orc priests
  2 hounds
  2 centaur skeletons
  A human skeleton (D:4)
  10 orc wizards
  3 worker ants
  Terence (D:3)
  A hound skeleton (D:4)
  11 gnolls
  5 adders
  An ooze (D:4)
  An adder skeleton (D:5)
  A dart slug (D:1)
  A leopard gecko (D:3)
  22 orcs
  6 giant cockroaches
  7 goblins
  10 hobgoblins
  7 jackals
  4 quokkas
  A ball python (D:3)
  11 bats
  11 frilled lizards
  A jackal skeleton (D:6)
  10 kobolds
  A leopard gecko skeleton (D:6)
  4 orc skeletons (D:4)
  11 rats
161 creatures vanquished.

Vanquished Creatures (others)
  A quokka (D:2)
  A kobold (D:2)
2 creatures vanquished.

Grand Total: 163 creatures vanquished

Notes
Turn   | Place    | Note
-------+----------+-------------------------------------------
     0 | D:1      | Kniotic the Demonspawn Fighter began the quest for the Orb.
     0 | D:1      | Reached XP level 1. HP: 18/18 MP: 1/1
    12 | D:1      | Reached skill level 2 in Axes
   333 | D:1      | Gained mutation: You have a pair of small antennae on your
                  | head. [demonic ancestry]
   333 | D:1      | Reached XP level 2. HP: 24/24 MP: 2/2
   483 | D:1      | Reached skill level 3 in Axes
   523 | D:1      | Reached XP level 3. HP: 21/29 MP: 3/3
  1370 | D:2      | Found a white marble altar of Elyvilon.
  1380 | D:2      | Reached skill level 4 in Axes
  1380 | D:2      | Reached XP level 4. HP: 31/35 MP: 4/4
  2146 | D:3      | Found a shattered altar of Ashenzari.
  2166 | D:3      | Noticed Terence
  2173 | D:3      | Killed Terence
  2331 | D:3      | Noticed Grinder
  2344 | D:3      | Killed Grinder
  2344 | D:3      | Reached skill level 6 in Axes
  2344 | D:3      | Gained mutation: You are partially covered in molten
                  | scales. (AC +2) [demonic ancestry]
  2344 | D:3      | Reached XP level 5. HP: 15/41 MP: 5/5
  2344 | D:3      | Gained mutation: You regenerate a little health from kills.
                  | [demonic ancestry]
  2344 | D:3      | Reached XP level 6. HP: 17/47 MP: 6/6
  3160 | D:4      | Found a glowing silver altar of Zin.
  3340 | D:4      | Reached skill level 7 in Axes
  3340 | D:4      | Gained mutation: You are slightly more attuned to the
                  | shadows. [demonic ancestry]
  3340 | D:4      | Reached XP level 7. HP: 49/52 MP: 7/7
  3653 | D:4      | Reached skill level 8 in Axes
  3812 | D:4      | Gained mutation: You are mostly covered in molten scales.
                  | (AC +3) [demonic ancestry]
  3812 | D:4      | Reached XP level 8. HP: 45/58 MP: 8/8
  4014 | D:5      | Entered Level 5 of the Dungeon
  4348 | D:5      | Reached skill level 9 in Axes
  4588 | D:5      | Found a staircase to the Ecumenical Temple.
  4784 | Temple   | Entered the Ecumenical Temple
  4808 | Temple   | Became a worshipper of Uskayaw the Reveler
  4961 | D:5      | Reached * piety under Uskayaw
  4965 | D:5      | Reached ** piety under Uskayaw
  5093 | D:6      | Reached *** piety under Uskayaw
  5096 | D:6      | Reached **** piety under Uskayaw
  5097 | D:6      | Reached skill level 10 in Axes
  5097 | D:6      | Reached ***** piety under Uskayaw
  5331 | D:6      | Splashed by a jelly's acid

Skill      XL: |  1  2  3  4  5  6  7  8 |
---------------+-------------------------+-----
Axes           | 2 3 4 6 7 8 10 | 10.6
Fighting       | |  3.0
Armour         | |  2.6
Shields        | |  2.6

Action                   |  1- 3 |  4- 6 |  7- 9 || total
-------------------------+-------+-------+-------++-------
Melee: War axe           |    90 |   185 |   182 ||   457
Evoke: Wand              |       |     1 |       ||     1
  Use: Scroll            |       |       |     5 ||     5
 Stab: Sleeping          |     2 |     4 |     6 ||    12
       Paralysed         |       |     6 |     4 ||    10
  Eat: Chunk             |     2 |     6 |     7 ||    15
Armor: Scale mail        |    56 |       |       ||    56
       Shadow dragon sca |    13 |   124 |   143 ||   280
Dodge: Dodged            |    45 |    78 |    74 ||   197
Block: Shield            |     5 |       |       ||     5
